 Dungeon Sprint DCSS version 0.28.0-43-g3370ac3207 (webtiles) character file.

Game seed: 16446447788149384725

4000000 smarlow the Archmage (level 23, -13/201 HPs)
             Began as a Djinni Warper on Mar 8, 2022.
             Was the Champion of Makhleb.
             Mangled by a destroyer
             ... wielding a +9 vorpal great sword
              (20 damage)
             ... in the Dungeon (Sprint VIII: "Arena of Blood").
             The game lasted 00:02:34 (40 turns).

smarlow the Archmage (Djinni Warper)                  Turns: 40, Time: 00:02:35

Health: -13/201    AC:  6    Str: 10    XL:     23   Next: 51%
Gold:   0          EV: 32    Int: 18    God:    Makhleb [******] SH:  0 Dex: 21

rFire   + + .      SeeInvis .   g - +∞ Axe of Woe
rCold   x . .      Faith    .   (shield currently unavailable)
rNeg    . . .      Spirit   .   b - +0 leather armour
rPois   ∞          Reflect  .   (no helmet)
rElec   .          Harm     .   (no cloak)
rCorr   .          Rampage  .   (no gloves)
Will    ++...      NoTele   +   (boots unavailable)
Stlth   +++++.....              (no amulet)
HPRegen 0.43/turn               (no ring)
MPRegen 0.00/turn               (no ring)

@: wereblooded, flying, hasted (expiring), very quick
A: sickness immunity, fire resistance 2, cold vulnerability 1, float, innate
caster, HP casting, extra vitality 1
a: Renounce Religion, Minor Destruction, Lesser Servant of Makhleb, Major
Destruction, Greater Servant of Makhleb


You were in the Dungeon.
You worshipped Makhleb.
Makhleb was exalted by your worship.
You visited 1 branch

Inventory:

Hand Weapons
 a - a +0 hand axe
 g - the +∞ Axe of Woe (weapon)
   (You found it in the Dungeon)
Missiles
 d - 5 boomerangs of dispersal (quivered)
Armour
 b - a +0 leather armour (worn)
Scrolls
 c - 2 scrolls of blinking
Potions
 e - a potion of curing
 f - a potion of heal wounds
 h - a potion of berserk rage


   Skills:
 O Level 27 Fighting
 + Level 12.6(14.8) Short Blades
 + Level 12.6(14.8) Long Blades
 O Level 27 Axes
 + Level 11.6(21.9) Maces & Flails
 + Level 11.6(21.9) Polearms
 + Level 12.6(16.6) Staves
 + Level 11.6(20.9) Slings
 + Level 11.6 Bows
 + Level 11.6 Crossbows
 O Level 27 Throwing
 O Level 27 Armour
 O Level 27 Dodging
 + Level 12.6 Stealth
 + Level 12.9 Shields
 + Level 12.9 Unarmed Combat
 O Level 27 Spellcasting
 + Level 12.9 Invocations
 + Level 12.9 Evocations


You had 5 spell levels left.
You knew the following spells:

 Your Spells              Type           Power      Damage    Failure   Level
a - Blink                 Tloc           100%       N/A       0%          2
b - Lesser Beckoning      Tloc           88%        N/A       0%          3
c - Gell's Gravitas       Tloc           88%        N/A       0%          3
d - Teleport Other        Tloc           88%        N/A       0%          3
e - Manifold Assault      Tloc           88%        N/A       0%          5
f - Shock                 Conj/Air       100%       1d9       0%          1
g - Wereblood             Tmut           88%        N/A       0%          2
h - Tukima's Dance        Hex            88%        N/A       0%          3
i - Ice Form              Ice/Tmut       88%        N/A       0%          4
j - Sticky Flame          Conj/Fire      88%        2d10      0%          4
k - Blade Hands           Tmut           44%        N/A       0%          5
l - Dispersal             Tloc           44%        N/A       0%          6
m - Storm Form            Tmut/Air       44%        N/A       1%          7
n - Spellforged Servitor  Conj/Summ      44%        N/A       1%          7
o - Borgnjor's Revivific  Necr           44%        N/A       1%          8
p - Disjunction           Tloc           44%        N/A       1%          8
Your spell library was empty.

Dungeon Overview and Level Annotations

Branches:
Dungeon (1/1)

Altars:
Makhleb


Innate Abilities, Weirdness & Mutations

You are immune to sickness and miasma.
You are immune to poison.
Your flesh is very heat resistant. (rF++)
You are vulnerable to cold. (rC-)
You float through the air rather than walking.
You learn spells naturally, not from books.
Your magical power is your life essence.
You have superior vitality. (+4 MHP)


Message History

Items here: )) ==.
You slice the bag of meat!!
You cleave the bag of meat in twain.
You feel a bit better.
You kill the bag of meat!
Makhleb accepts your kill.
You slash the bag of meat!
You fatally mangle the bag of meat.
You feel a bit better.
You kill the bag of meat!
Makhleb accepts your kill.
You feel better.
You slash the meat berserker!
You cleave the meat berserker in twain.
You kill the meat berserker!
Makhleb accepts your kill.
You are engulfed in blazing flames.
You resist.
The destroyer is engulfed in blazing flames.
You hear a shout! x3
Your base Short Blades skill increases to level 12!
Your base Long Blades skill increases to level 12!
Your base Maces & Flails skill increases to level 11!
Your base Polearms skill increases to level 11!
Your base Staves skill increases to level 12!
Your base Slings skill increases to level 11!
Your Bows skill increases to level 11!
Your Crossbows skill increases to level 11!
Your Stealth skill increases to level 12!
Your Shields skill increases to level 12!
Your Unarmed Combat skill increases to level 12!
Your Invocations skill increases to level 12!
Your Evocations skill increases to level 12!
Found a knobbly coral ring.
You howl as the wereblood boils in your veins!
You hear a shout! x3
The destroyer points at you and mumbles some strange words.
The destroyer blinks!
You hear a shout! x4
The destroyer is engulfed in blazing flames.
The destroyer hits you with a +9 vorpal great sword!!!!!
Ouch! That really hurt!
* * * LOW HITPOINT WARNING * * *
You die...

#### #######
##.... .=....
...... .. ..
......##.##.####
......o..........
##..oo@##o##....
......§V§§°§.§...
......§)§§#.#...
......§)§)VV.....
#......§O)O.V....
.#.......).......
...O..o)))...z...
.......))).z.....
....#.).)...#...


You could see 4 destroyers, 2 sculptors of flesh, 2 large bags of meat, a meat
berserker (berserk) and 4 bags of meat.

Vanquished Creatures
  4 vampire knights (D)
  6 ogres (D)
  2 two-headed ogres (D)
  40 orcs (D)
52 creatures vanquished.

Notes
Turn   | Place    | Note
-------+----------+-------------------------------------------
     0 | D        | Found the +∞ Axe of Woe
     0 | D        | smarlow the Djinni Warper began the quest for the Orb.
     0 | D        | Reached XP level 1. HP: 18/18 MP: 0/0
     4 | D        | Became a worshipper of Makhleb the Destroyer
     4 | D        | Noticed a bag of meat
     4 | D        | Noticed a bag of meat
     5 | D        | Noticed a bag of meat
     5 | D        | Noticed a bag of meat
     6 | D        | Noticed a bag of meat
     6 | D        | Noticed a bag of meat
     6 | D        | Noticed a bag of meat
     6 | D        | Noticed a bag of meat
     7 | D        | Noticed a bag of meat
     7 | D        | Noticed a bag of meat
     7 | D        | Noticed a bag of meat
     8 | D        | Killed a bag of meat
     8 | D        | Noticed a bag of meat
     9 | D        | Reached skill level 10 in Dodging
     9 | D        | Reached skill level 15 in Spellcasting
     9 | D        | Reached XP level 2. HP: 34/34 MP: 0/0
     9 | D        | Reached XP level 3. HP: 39/39 MP: 0/0
     9 | D        | Learned a level 1 spell: Shock
     9 | D        | Reached XP level 4. HP: 45/45 MP: 0/0
     9 | D        | Reached XP level 5. HP: 50/50 MP: 0/0
     9 | D        | Learned a level 2 spell: Wereblood
     9 | D        | Reached XP level 6. HP: 56/56 MP: 0/0
     9 | D        | Reached XP level 7. HP: 61/61 MP: 0/0
     9 | D        | Learned a level 3 spell: Tukima's Dance
     9 | D        | Reached XP level 8. HP: 67/67 MP: 0/0
     9 | D        | Reached XP level 9. HP: 72/72 MP: 0/0
     9 | D        | Learned a level 4 spell: Ice Form
     9 | D        | Reached XP level 10. HP: 78/78 MP: 0/0
     9 | D        | Reached XP level 11. HP: 84/84 MP: 0/0
     9 | D        | Learned a level 4 spell: Sticky Flame
     9 | D        | Noticed a bag of meat
     9 | D        | Noticed a meat berserker
    10 | D        | Killed a bag of meat
    10 | D        | Reached * piety under Makhleb
    10 | D        | Killed a bag of meat
    10 | D        | Noticed a bag of meat
    11 | D        | Reached XP level 12. HP: 94/94 MP: 0/0
    11 | D        | Reached XP level 13. HP: 99/99 MP: 0/0
    11 | D        | Learned a level 5 spell: Blade Hands
    11 | D        | Noticed a bag of meat
    12 | D        | Noticed a bag of meat
    12 | D        | Noticed a bag of meat
    12 | D        | Noticed a bag of meat
    12 | D        | Noticed a bag of meat
    12 | D        | Noticed a meat berserker
    13 | D        | Killed a bag of meat
    13 | D        | Killed a bag of meat
    13 | D        | Reached ** piety under Makhleb
    13 | D        | Noticed a meat berserker
    13 | D        | Noticed a bag of meat
    14 | D        | Reached XP level 14. HP: 108/108 MP: 0/0
    14 | D        | Killed a bag of meat
    14 | D        | Killed a bag of meat
    14 | D        | Noticed a bag of meat
    15 | D        | Reached skill level 15 in Axes
    15 | D        | Killed a bag of meat
    15 | D        | Reached *** piety under Makhleb
    15 | D        | Killed a bag of meat
    15 | D        | Noticed a bag of meat
    15 | D        | Noticed a bag of meat
    15 | D        | Noticed a bag of meat
    16 | D        | Reached skill level 5 in Armour
    16 | D        | Reached skill level 15 in Dodging
    16 | D        | Reached XP level 15. HP: 118/118 MP: 0/0
    16 | D        | Learned a level 6 spell: Dispersal
    16 | D        | Killed a meat berserker
    16 | D        | Reached **** piety under Makhleb
    17 | D        | Reached XP level 16. HP: 129/129 MP: 0/0
    18 | D        | Reached ***** piety under Makhleb
    19 | D        | Reached skill level 5 in Throwing
    19 | D        | Reached skill level 27 in Spellcasting
    19 | D        | Reached XP level 17. HP: 138/138 MP: 0/0
    19 | D        | Learned a level 7 spell: Storm Form
    19 | D        | Killed a meat berserker
    19 | D        | Noticed a destroyer
    21 | D        | Killed a meat berserker
    22 | D        | Reached skill level 27 in Axes
    22 | D        | Reached XP level 18. HP: 157/157 MP: 0/0
    22 | D        | Noticed a meat berserker
    23 | D        | Reached ****** piety under Makhleb
    24 | D        | Noticed a large bag of meat
    25 | D        | Noticed a large bag of meat
    25 | D        | Noticed a destroyer
    25 | D        | Noticed a large bag of meat
    26 | D        | Killed a destroyer
    26 | D        | Noticed a large bag of meat
    27 | D        | Reached skill level 27 in Fighting
    27 | D        | Reached skill level 27 in Dodging
    27 | D        | Reached XP level 19. HP: 174/174 MP: 0/0
    27 | D        | Learned a level 7 spell: Spellforged Servitor
    28 | D        | Noticed a meat berserker
    28 | D        | Killed a destroyer
    28 | D        | Killed a meat berserker
    29 | D        | Reached XP level 20. HP: 181/181 MP: 0/0
    29 | D        | Noticed a meat berserker
    30 | D        | Noticed a destroyer
    30 | D        | Noticed a large bag of meat
    31 | D        | Reached XP level 21. HP: 187/187 MP: 0/0
    31 | D        | Learned a level 8 spell: Borgnjor's Revivification
    31 | D        | Killed a destroyer
    31 | D        | Noticed a destroyer
    32 | D        | Reached skill level 27 in Throwing
    32 | D        | Reached skill level 27 in Armour
    32 | D        | Noticed a destroyer
    32 | D        | Noticed a destroyer
    33 | D        | Killed a large bag of meat
    33 | D        | Noticed a destroyer
    34 | D        | Reached XP level 22. HP: 180/194 MP: 0/0
    35 | D        | Killed a destroyer
    36 | D        | Killed a meat berserker
    37 | D        | Reached skill level 10 in Short Blades
    37 | D        | Reached skill level 10 in Long Blades
    37 | D        | Reached skill level 10 in Staves
    37 | D        | Reached skill level 10 in Stealth
    37 | D        | Killed a large bag of meat
    38 | D        | Reached skill level 10 in Maces & Flails
    38 | D        | Reached skill level 10 in Polearms
    38 | D        | Reached skill level 10 in Slings
    38 | D        | Reached skill level 10 in Bows
    38 | D        | Reached skill level 10 in Crossbows
    38 | D        | Reached XP level 23. HP: 191/201 MP: 0/0
    38 | D        | Learned a level 8 spell: Disjunction
    38 | D        | Noticed a destroyer
    40 | D        | HP: 7/201 [destroyer/+9 vorpal great sword (191)]
    40 | D        | Mangled by a destroyer

Illustrated notes

Levels and vault maps discovered:
D:        meatsprint

Skill      XL: |  1  2  3  4  5  6  7  8  9 10 11 12 13 14 15 16 17 18 19 20 21 22 23 |
---------------+----------------------------------------------------------------------+-----
Fighting       | 9 11 12 14 16 17 23 27 | 27.0
Axes           | 8 11 13 16 19 21 27 | 27.0
Throwing       | 3 4 5 7 13 22 26 27 | 27.0
Armour         | 3 4 5 7 11 19 23 27 | 27.0
Dodging        | 10 12 13 15 16 19 27 | 27.0
Spellcasting   | 15 19 21 24 26 27 | 27.0
Short Blades   | 6 11 12 | 12.6
Long Blades    | 6 11 12 | 12.6
Maces & Flails | 6 10 11 | 11.6
Polearms       | 6 10 11 | 11.6
Staves         | 6 11 12 | 12.6
Slings         | 6 10 11 | 11.6
Bows           | 6 10 11 | 11.6
Crossbows      | 6 10 11 | 11.6
Stealth        | 6 11 12 | 12.6
Shields        | 6 11 12 | 12.9
Unarmed Combat | 6 11 12 | 12.9
Invocations    | 6 11 12 | 12.9
Evocations     | 6 11 12 | 12.9

Action                   |  1- 3 |  4- 6 |  7- 9 | 10-12 | 13-15 | 16-18 | 19-21 | 22-24 || total
-------------------------+-------+-------+-------+-------+-------+-------+-------+-------++-------
Melee: Executioner's axe |     1 |       |       |     1 |     4 |     7 |     4 |     4 ||    21
 Cast: Wereblood         |       |       |       |     1 |       |       |       |       ||     1
  Use: Potion            |     1 |       |       |       |       |       |       |       ||     1
Dodge: Dodged            |       |       |       |       |       |       |     1 |       ||     1
